 Dungeon Crawl Stone Soup version 0.24-a0-809-g71cb82dfb8 (webtiles) character file.

Game seed: 11030650553484310849, levelgen mode: deterministic

14 Gumption the Skirmisher (level 2, -2/26 HPs)
             Began as a Gnoll Wanderer on Oct 11, 2019.
             Slain by a hobgoblin
             ... wielding a +0 club
              (4 damage)
             ... on level 2 of the Dungeon.
             The game lasted 00:10:17 (1223 turns).

Gumption the Skirmisher (Gnoll Wanderer)            Turns: 1223, Time: 00:10:18

Health: -2/26      AC:  5    Str: 12    XL:     2   Next: 45%
Magic:  5/5        EV: 10    Int: 17    God:
Gold:   11         SH:  0    Dex: 13    Spells: 5/6 levels left

rFire    . . .     SeeInvis .   a - +0 dagger
rCold    . . .     Gourm    .   (no shield)
rNeg     . . .     Faith    .   k - +0 ring mail
rPois    .         Spirit   .   (no helmet)
rElec    .         Reflect  .   (no cloak)
rCorr    .         Harm     .   (no gloves)
MR       .....                  (no boots)
Stlth    ++........             (no amulet)
HPRegen  0.08/turn              (no ring)
MPRegen  0.09/turn              (no ring)

@: no status effects
A: distributed training, fangs 1, strong nose
a: no special abilities


You were on level 2 of the Dungeon.
You were not hungry.

You visited 1 branch of the dungeon, and saw 2 of its levels.

You collected 11 gold pieces.

Inventory:

Hand Weapons
 a - a +0 dagger (weapon)
 b - a +0 short sword
Missiles
 d - 3 stones (quivered)
Armour
 e - a +0 robe
 k - a +0 ring mail (worn)
Jewellery
 h - an uncursed ring of stealth {unknown}
Scrolls
 i - a scroll of immolation {unknown}
Potions
 f - a potion of haste
 j - a potion of heal wounds {unknown}
Comestibles
 c - 2 chunks of flesh
 g - a ration


   Skills:
 + Level 4.5 Fighting
 + Level 0.4 Short Blades
 + Level 0.4 Long Blades
 + Level 0.4 Axes
 + Level 0.4 Maces & Flails
 + Level 0.4 Polearms
 + Level 0.4 Staves
 + Level 0.4 Slings
 + Level 0.4 Bows
 + Level 0.4 Crossbows
 + Level 2.5 Throwing
 + Level 0.4 Armour
 + Level 0.4 Dodging
 + Level 4.1 Stealth
 + Level 2.5 Shields
 + Level 2.5 Unarmed Combat
 + Level 2.7 Spellcasting
 + Level 0.2 Conjurations
 + Level 0.2 Hexes
 + Level 0.2 Charms
 + Level 0.2 Summonings
 + Level 0.2 Necromancy
 + Level 0.2 Translocations
 + Level 0.2 Transmutations
 + Level 2.0 Fire Magic
 + Level 0.2 Ice Magic
 + Level 2.0 Air Magic
 + Level 0.2 Earth Magic
 + Level 0.2 Poison Magic
 + Level 0.5 Invocations
 + Level 0.4 Evocations


You had 5 spell levels left.
You knew the following spells:

 Your Spells              Type           Power        Failure   Level  Hunger
a - Summon Butterflies    Summ           #.......     36%         1    #......

Your spell library contained the following spells:

 Spells                   Type           Power        Failure   Level  Hunger
 Summon Guardian Golem    Hex/Summ       #.......     73%         3    ###....


Dungeon Overview and Level Annotations

Branches:
Dungeon (2/15)

Altars:


Innate Abilities, Weirdness & Mutations

Your experience applies equally to all skills.
You have very sharp teeth.
Your uncanny sense of smell can sniff out nearby items.


Message History

The bat closely misses you. The bat hits you but does no damage.
The bat closely misses you.
You open the door. The bat closely misses you.
The bat hits you but does no damage.
Found a stone staircase leading up.
The bat hits you.
* * * LOW HITPOINT WARNING * * *
Found a hand axe.
There is an open door here.
The hobgoblin shouts!
The bat closely misses you. The bat hits you but does no damage. x2
The bat hits you but does no damage.
You closely miss the bat. The bat hits you but does no damage.
The giant cockroach bites you but does no damage.
The hobgoblin hits you with a +0 club.
* * * LOW HITPOINT WARNING * * *
The bat hits you but does no damage. The hobgoblin hits you with a +0 club.
You die...

.# #.####.#
#.#..#.#
#.#).#.#####
######...b.......
.................
.........@.......
.........sg......
.........rg......
.................
#####+#g#........
#.#........
####+#.#........
#...>...........
###+#........####.


You could see 2 gnolls, a giant cockroach, a hobgoblin, a bat and a rat.

Vanquished Creatures
  2 goblins
  2 hobgoblins (D:2)
  2 jackals (D:2)
  2 bats
  4 kobolds
  A rat (D:1)
13 creatures vanquished.

Notes
Turn   | Place    | Note
-------+----------+-------------------------------------------
     0 | D:1      | Gumption the Gnoll Wanderer began the quest for the Orb.
     0 | D:1      | Gumption set off with the following items: a +0 dagger, a
                  | potion of berserk rage, a scroll of teleportation, a +0
                  | robe, a potion of haste, a ration; and the following spell
                  | memorised: Summon Butterflies; and the following spells
                  | available to memorise: Summon Guardian Golem
     0 | D:1      | Reached XP level 1. HP: 20/20 MP: 4/4
   146 | D:1      | HP: 1/20 [kobold/+0 short sword (1)]
   328 | D:1      | HP: 1/20 [kobold/+0 short sword (4)]
   922 | D:1      | You fall into a shaft and drop 1 floor!
   936 | D:2      | Reached XP level 2. HP: 21/26 MP: 5/5
  1223 | D:2      | Slain by a hobgoblin

Levels and vault maps discovered:
D:1:      dpeg_arrival_round_a, layout_loops_ring
D:2:      layout_basic

Skill      XL: |  1 |
---------------+----+-----
Fire Magic     | 2 |  2.0
Air Magic      | 2 |  2.0
Fighting       | |  4.5
Short Blades   | |  0.4
Long Blades    | |  0.4
Axes           | |  0.4
Maces & Flails | |  0.4
Polearms       | |  0.4
Staves         | |  0.4
Slings         | |  0.4
Bows           | |  0.4
Crossbows      | |  0.4
Throwing       | |  2.5
Armour         | |  0.4
Dodging        | |  0.4
Stealth        | |  4.1
Shields        | |  2.5
Unarmed Combat | |  2.5
Spellcasting   | |  2.7
Conjurations   | |  0.2
Hexes          | |  0.2
Charms         | |  0.2
Summonings     | |  0.2
Necromancy     | |  0.2
Translocations | |  0.2
Transmutations | |  0.2
Ice Magic      | |  0.2
Earth Magic    | |  0.2
Poison Magic   | |  0.2
Invocations    | |  0.5
Evocations     | |  0.4

Action                   || total
-------------------------++-------
Melee: Dagger            ||    94
       Bite              ||     6
Throw: Stone             ||     8
  Use: Potion            ||     1
       Scroll            ||     1
 Stab: Sleeping          ||     1
  Eat: Chunk             ||     1
Armor: Robe              ||    17
       Ring mail         ||    17
Dodge: Dodged            ||    81

Table legend:
 A = Non-vault XP
 B = Vault XP
 C = Vault XP percentage of total XP
 D = Non-vault monster count
 E = Vault monster count
 F = Vault count percentage of total count
                 A         B        C        D         E       F
            +---------+---------+-------+---------+---------+-------
      Total |      21 |       0 |   0.0 |      13 |       0 |   0.0
            +---------+---------+-------+---------+---------+-------
        D:1 |       8 |       0 |   0.0 |       6 |       0 |   0.0
        D:2 |      13 |       0 |   0.0 |       7 |       0 |   0.0
            +---------+---------+-------+---------+---------+-------
